 Dungeon Crawl Stone Soup version 0.19.0-2-gae57169 (webtiles) character file.

8108 Jerry the Arsonist (level 11, -2/92 HPs)
             Began as a Mottled Draconian Fire Elementalist on Nov 3, 2016.
             Was a Believer of Vehumet.
             Slain by a vampire (12 damage)
             ... on level 11 of the Dungeon.
             The game lasted 01:23:32 (16098 turns).

Jerry the Arsonist (DrFE)                          Turns: 16098, Time: 01:23:33

Health: -2/92      AC:  9    Str: 14      XL:     11   Next: 5%
Magic:  12/33      EV: 16    Int: 16      God:    Vehumet [**....]
Gold:   677        SH:  0    Dex:  9 (11) Spells: 5 memorised, 13 levels left

rFire  . . .     SeeInvis .     g - +3 hunting sling
rCold  . . .     Gourm    .     (armour unavailable)
rNeg   . . .     Faith    .     (no shield)
rPois  .         Spirit   .     (helmet restricted)
rElec  .         Reflect  +     m - +0 cloak
rCorr  .         Harm     .     S - +0 pair of gloves
MR     .....                    (no boots)
Stlth  +.........               x - +3 amulet of reflection
                                R - ring of magical power
                                e - +4 ring of evasion

@: confused
A: breathe sticky flame splash, unfitting armour, horns 1, dopey 1, robust 1,
strong 1, cold-blooded, AC +7
a: Breathe Sticky Flame, Renounce Religion


You were on level 11 of the Dungeon.
You worshipped Vehumet.
Vehumet was pleased with you.
You were hungry.

You visited 2 branches of the dungeon, and saw 12 of its levels.
You also visited: Sewer.

You collected 677 gold pieces.

Inventory:

Hand Weapons
 g - a +3 hunting sling (weapon)
 K - a +2 falchion of slicing
Missiles
 n - 122 sling bullets (quivered)
Armour
 m - a +0 cloak (worn)
 S - a +0 pair of gloves (worn)
Jewellery
 e - a +4 ring of evasion (left hand)
 x - a +3 amulet of reflection (around neck)
 H - an uncursed ring of positive energy
 R - a ring of magical power (right hand)
 U - an uncursed ring of resist corrosion
Wands
 f - a wand of disintegration (10/24)
 M - a wand of slowing (27/48)
Scrolls
 c - 3 scrolls of fog
 h - 5 scrolls of remove curse
 k - 5 scrolls of identify
 l - 2 scrolls of magic mapping {unknown}
 r - 3 scrolls of recharging {unknown}
 t - 3 scrolls of enchant weapon {unknown}
 u - a scroll of fear {unknown}
 w - a scroll of silence {unknown}
 A - 7 scrolls of teleportation {unknown}
 G - 2 scrolls of enchant armour {unknown}
 I - a scroll of random uselessness {unknown}
 J - a scroll of brand weapon {unknown}
 V - a scroll of summoning {unknown}
 W - a scroll of amnesia {unknown}
Potions
 i - a potion of haste
 j - 4 potions of lignification {unknown}
 o - 3 potions of heal wounds {unknown}
 p - 3 potions of curing
 q - 2 potions of berserk rage {unknown}
 s - 2 potions of might
 B - 2 potions of mutation {unknown}
 C - 2 potions of degeneration {unknown}
 D - 2 potions of invisibility {unknown}
 L - a potion of brilliance {unknown}
 N - a potion of beneficial mutation {unknown}
 O - 2 potions of flight {unknown}
Books
 a - a book of Flames

   Spells                             Type                      Level
   a - Flame Tongue                   Conjuration/Fire             1
   b - Throw Flame                    Conjuration/Fire             2
   c - Conjure Flame                  Conjuration/Fire             3
   d - Inner Flame                    Hexes/Fire                   3
   e - Sticky Flame                   Conjuration/Fire             4
   f - Fireball                       Conjuration/Fire             5
 E - a book of Minor Magic

   Spells                             Type                      Level
   a - Magic Dart                     Conjuration                  1
   b - Blink                          Translocation                2
   c - Call Imp                       Summoning                    2
   d - Repel Missiles                 Charms/Air                   2
   e - Slow                           Hexes                        2
   f - Conjure Flame                  Conjuration/Fire             3
   g - Mephitic Cloud                 Conjuration/Poison/Air       3
 F - a book of Changes

   Spells                             Type                      Level
   a - Beastly Appendage              Transmutation                1
   b - Sticks to Snakes               Transmutation                2
   c - Spider Form                    Transmutation/Poison         3
   d - Ice Form                       Ice/Transmutation            4
   e - Blade Hands                    Transmutation                5
Miscellaneous
 X - a lamp of fire
 Y - a phantom mirror
Comestibles
 b - 8 bread rations
 d - 2 beef jerkies
 v - 8 meat rations
 P - 12 royal jellies
 Q - 8 slices of pizza


   Skills:
 - Level 4.0 Fighting
 - Level 1.7 Dodging
 - Level 1.7 Stealth
 + Level 9.1 Spellcasting
 + Level 9.7 Conjurations
 + Level 11.0 Fire Magic


You had 13 spell levels left.
You knew the following spells:

 Your Spells              Type           Power        Failure   Level  Hunger
a - Flame Tongue          Conj/Fire      #####        1%          1    None
b - Throw Flame           Conj/Fire      #####.       1%          2    None
c - Conjure Flame         Conj/Fire      #####...     1%          3    #......
d - Sticky Flame          Conj/Fire      #####...     1%          4    ###....
e - Fireball              Conj/Fire      #####.....   4%          5    #####..


Dungeon Overview and Level Annotations

Branches:
Dungeon (11/15)            Temple (1/1) D:7             Orc (0/2) D:9
   Lair: D:8-11

Altars:
Ashenzari
Cheibriados
Dithmenos
Elyvilon
Fedhas
Gozag
Hepliaklqana
Kikubaaqudgha
Makhleb
Nemelex Xobeh
Okawaru
Qazlal
Ru
Sif Muna
Trog
Uskayaw
Vehumet
Xom
Yredelemnul
Zin
The Shining One

Shops:
D:4 (


Innate Abilities, Weirdness & Mutations

You can spit globs of burning liquid.
You can ignite nearby creatures when you spit burning liquid.
Your weird mottled scales are hard. (AC +7)
You cannot fit into any form of body armour.
You are cold-blooded and may be slowed by cold attacks.
You have a pair of small horns on your head.
You are dopey. (Int -2)
You are robust. (+10% HP)
Your muscles are strong. (Str +2)


Message History

The vampire flickers and vanishes!
Deactivating autopickup; reactivate with Ctrl-A.
You bump into the rock wall.
You feel less confused. Something hits you!
* * * LOW HITPOINT WARNING * * *
Something bites you.
* * * LOW HITPOINT WARNING * * *
Something draws strength from your injuries!
You feel better. Something hits you.
* * * LOW HITPOINT WARNING * * *
Something bites you.
* * * LOW HITPOINT WARNING * * *
Something draws strength from your injuries!
You hear some strange, mumbled words.
You are confused.
You're too confused to move!
You bump into the rock wall.
Something hits you but does no damage. Something bites you!
You die...

######### #.......#
####### #.......#
#####......#
#.......###.........>.
#.......'@..###......#
#.......##### ......#
#.......# ####.##
######'## # #####....#
#.....####
##'#########
#..........#
#..........#


There were no monsters in sight!

Vanquished Creatures
  Joseph (D:7)
  2 trolls (D:9)
  A queen bee (D:9)
  A hippogriff (D:8)
  A spriggan (D:8)
  A wraith (D:10)
  2 hungry ghosts (D:9)
  2 water moccasins (D:8)
  A soldier ant (D:11)
  2 sky beasts (D:8)
  2 ice beasts
  A black bear (D:6)
  An orc warrior (D:7)
  3 phantoms
  8 ogres
  A centaur (D:8)
  The ghost of Bekkur the Ducker, an amateur DsFE (Sewer)
  2 big kobolds (D:9)
  7 bullfrogs
  5 gnoll sergeants (D:9)
  3 scorpions
  26 killer bees (D:9)
  7 howler monkeys
  3 wights (D:10)
  4 bullfrog zombies
  4 crimson imps
  A jelly (D:9)
  A quasit (D:9)
  8 hounds
  2 orc priests
  A bullfrog skeleton (D:6)
  8 orc wizards
  Jessica (D:2)
  2 iguanas
  10 worker ants
  A hound zombie (D:8)
  A hound skeleton (D:7)
  3 worker ant zombies
  A howler monkey skeleton (D:9)
  A howler monkey zombie (D:10)
  15 gnolls
  18 adders
  A river rat (D:6)
  A shadow imp (D:9)
  15 oozes
  An adder skeleton (D:4)
  7 worms
  A dart slug (D:3)
  15 leopard geckos
  36 orcs
  11 ball pythons
  9 bats
  2 bat zombies (D:6)
  17 giant cockroaches
  15 goblins
  8 hobgoblins
  10 jackals
  5 quokkas
  A ball python skeleton (D:5)
  12 frilled lizards
  A jackal skeleton (D:5)
  10 kobolds
  2 leopard gecko skeletons
  A quokka skeleton (D:4)
  15 rats
  2 rat zombies (D:6)
364 creatures vanquished.

Notes
Turn   | Place    | Note
-------+----------+-------------------------------------------
     0 | D:1      | Jerry the Draconian Fire Elementalist began the quest for the Orb.
     0 | D:1      | Reached XP level 1. HP: 14/14 MP: 3/3
   246 | D:1      | Reached XP level 2. HP: 22/22 MP: 0/5
   250 | D:1      | Learned a level 2 spell: Throw Flame
   430 | D:1      | Reached skill level 1 in Fighting
   804 | D:1      | Reached XP level 3. HP: 24/28 MP: 2/6
  1055 | D:1      | Learned a level 3 spell: Conjure Flame
  1508 | D:2      | Reached XP level 4. HP: 36/36 MP: 0/7
  2229 | D:2      | Noticed Jessica
  2232 | D:2      | Killed Jessica
  2355 | D:2      | Reached XP level 5. HP: 36/42 MP: 3/9
  2783 | D:2      | Reached skill level 4 in Fire Magic
  4108 | D:3      | Reached XP level 6. HP: 51/51 MP: 2/11
  4521 | D:4      | Found Dyos's Antique Weapon Shop.
  5295 | D:4      | Your scales start taking on a weird mottled colour.
  5295 | D:4      | Reached skill level 5 in Fire Magic
  5295 | D:4      | Reached XP level 7. HP: 58/58 MP: 1/13
  5837 | D:5      | Entered Level 5 of the Dungeon
  6482 | D:5      | Found a bloodstained altar of Trog.
  6608 | D:5      | Reached skill level 6 in Fire Magic
  7122 | D:6      | Reached skill level 5 in Spellcasting
  7122 | D:6      | Reached XP level 8. HP: 61/66 MP: 4/15
  7225 | D:6      | Reached skill level 5 in Conjurations
  7234 | D:6      | Found a glowing drain.
  7251 | Sewer    | Entered a sewer
  7683 | Sewer    | Noticed Bekkur's ghost (amateur DsFE)
  7687 | Sewer    | Reached skill level 7 in Fire Magic
  7693 | Sewer    | Killed Bekkur's ghost
  8916 | D:6      | Found an ancient bone altar of Kikubaaqudgha.
  9155 | D:7      | Reached XP level 9. HP: 33/71 MP: 0/18
  9446 | D:7      | Reached skill level 8 in Fire Magic
  9853 | D:7      | Noticed Joseph
  9885 | D:6      | Learned a level 4 spell: Sticky Flame
 10003 | D:7      | Killed Joseph
 10391 | D:7      | Found a staircase to the Ecumenical Temple.
 10451 | Temple   | Entered the Ecumenical Temple
 10634 | Temple   | Became a worshipper of Vehumet
 11071 | D:8      | Reached skill level 9 in Fire Magic
 11644 | D:8      | Reached * piety under Vehumet
 11644 | D:8      | Offered knowledge of Freeze by Vehumet.
 11994 | D:8      | Reached XP level 10. HP: 78/78 MP: 12/21
 12495 | D:8      | Gained mutation: You are robust. (+10% HP) [mutagenic meat]
 12496 | D:8      | Gained mutation: You have a pair of small horns on your head. [mutagenic meat]
 12497 | D:8      | Gained mutation: You are dopey. (Int -2) [mutagenic meat]
 12498 | D:8      | Gained mutation: Your muscles are strong. (Str +2) [mutagenic meat]
 12974 | D:9      | Learned a level 5 spell: Fireball
 13008 | D:9      | Reached skill level 10 in Fire Magic
 13320 | D:9      | Offered knowledge of Throw Frost by Vehumet.
 13433 | D:9      | Reached ** piety under Vehumet
 14048 | D:9      | Found an iron altar of Okawaru.
 14106 | D:9      | Found a staircase to the Orcish Mines.
 15319 | D:10     | Entered Level 10 of the Dungeon
 15388 | D:10     | Reached XP level 11. HP: 92/92 MP: 6/24
 15534 | D:10     | Offered knowledge of Ignite Poison by Vehumet.
 15943 | D:11     | Reached skill level 11 in Fire Magic
 16098 | D:11     | Slain by a vampire

Skill      XL: |  1  2  3  4  5  6  7  8  9 10 11 |
---------------+----------------------------------+-----
Fighting       | 1 2 3 4 |  4.0
Conjurations   | 2 3 4 6 8 9 |  9.7
Fire Magic     | 4 5 6 7 9 10 11 | 11.0
Spellcasting   | 3 4 5 6 7 9 |  9.1
Dodging        | |  1.7
Stealth        | |  1.7

Action                   |  1- 3 |  4- 6 |  7- 9 | 10-12 || total
-------------------------+-------+-------+-------+-------++-------
Melee: Club              |     6 |       |       |       ||     6
       Dagger            |     7 |    50 |       |       ||    57
       Tailslap          |       |    19 |    15 |     6 ||    40
       Spear             |       |   111 |    70 |       ||   181
       Falchion          |       |       |    93 |    37 ||   130
       Hunting sling     |       |       |     1 |     4 ||     5
       Headbutt          |       |       |       |    12 ||    12
 Fire: Blowgun           |       |    30 |    10 |       ||    40
       Hunting sling     |       |       |   104 |    52 ||   156
Throw: Stone             |    74 |       |       |       ||    74
 Cast: Flame Tongue      |    39 |    43 |   206 |   147 ||   435
       Throw Flame       |     9 |    73 |   116 |   104 ||   302
       Conjure Flame     |       |     4 |     9 |    14 ||    27
       Sticky Flame      |       |       |     2 |       ||     2
       Fireball          |       |       |       |    17 ||    17
 Abil: Breathe Sticky Fl |       |       |     3 |       ||     3
  Use: Potion            |     1 |       |       |     1 ||     2
       Scroll            |       |       |     5 |       ||     5
 Stab: Sleeping          |       |     1 |       |     1 ||     2
       Distracted        |       |       |       |     1 ||     1
  Eat: Chunk             |     3 |    16 |    22 |    19 ||    60
       Pizza             |       |       |     1 |       ||     1
       Beef jerky        |       |       |       |     2 ||     2
Armor: Skin              |    30 |    32 |    83 |    60 ||   205
Dodge: Dodged            |    58 |   110 |   225 |   157 ||   550
Block: Other             |       |    15 |    44 |    25 ||    84
       Reflection        |       |       |     2 |       ||     2
       Rpst.: Falchion   |       |       |    28 |    43 ||    71
